 Dungeon Crawl Stone Soup version 0.27.1-34-g3ba077fa99 (webtiles) character file.

Game seed: 18276665883953448643

8 zeram the Sneak (level 2, 0/19 HPs)
             Began as an Octopode Brigand on Jan 20, 2022.
             Slain by a gnoll (3 damage)
             ... on level 2 of the Dungeon.
             The game lasted 00:00:26 (240 turns).

zeram the Sneak (Octopode Brigand)                   Turns: 240, Time: 00:00:27

Health: 0/19       AC:  1    Str: 10    XL:     2   Next: 8%
Magic:  2/2        EV: 12    Int: 13    God:
Gold:   13         SH:  0    Dex: 13    Spells: 1/1 levels left

rFire    . . .     SeeInvis .   a - +2 dagger
rCold    . . .     Faith    .   (no shield)
rNeg     . . .     Spirit   .   (helmet restricted)
rPois    .         Reflect  .   (no amulet)
rElec    .         Harm     .   (no ring)
rCorr    .         Rampage  .   (no ring)
Will     .....                  (no ring)
Stlth    ++++......             (no ring)
HPRegen  0.06/turn              (no ring)
MPRegen  0.08/turn              (no ring)
                                (no ring)
                                (no ring)

@: no status effects
A: almost no armour, amphibious, 8 rings, camouflage 1, gelatinous body 1,
(nimble swimmer 1), tentacles
a: no special abilities


You were on level 2 of the Dungeon.
You visited 1 branch of the dungeon, and saw 2 of its levels.

You collected 13 gold pieces.

Inventory:

Hand Weapons
 a - a +2 dagger (weapon)
Missiles
 b - 8 poisoned darts (quivered)
 c - 2 curare-tipped darts
Scrolls
 e - a scroll of identify {unknown}
Potions
 d - a potion of brilliance {unknown}


   Skills:
 - Level 2.0 Fighting
 - Level 2.0 Short Blades
 - Level 2.0 Throwing
 - Level 1.0 Dodging
 + Level 6.0 Stealth


You had one spell level left.
You didn't know any spells.
Your spell library was empty.

Dungeon Overview and Level Annotations

Branches:
Dungeon (1/15)

Altars:


Innate Abilities, Weirdness & Mutations

You cannot wear most types of armour.
You are amphibious.
You can wear up to eight rings at the same time.
Your skin changes colour to match your surroundings (Stealth+).
Your rubbery body absorbs attacks. (AC +1, EV +1)
((You are camouflaged near water. (Stealth+)))
You have tentacles for arms and can constrict up to eight enemies at once.


Message History

You hit the giant cockroach.
You kill the giant cockroach!
Your Stealth skill increases to level 6!
Found a scroll labelled YFICRU CUKKADGH.
There is an open door here.
You see here a giant cockroach corpse.
You now have 13 gold pieces (gained 3).
e - a scroll labelled YFICRU CUKKADGH You open the door.
There is an open door here.
Found a stone staircase leading down.
There is a stone staircase leading down here.
You open the door.
There is an open door here. 2 gnolls come into view.
There are monsters nearby!
There are monsters nearby!
There are monsters nearby!
A gnoll comes into view. It is wielding a +0 whip.
A gnoll comes into view. It is wielding a +0 club.
The gnoll shouts!
The gnoll misses you. The gnoll barely misses you. x2
You hit the gnoll but do no damage. Your grab misses the gnoll.
The gnoll closely misses you.
The gnoll hits you from afar with a +0 spear.
You barely miss the gnoll. You grab the gnoll.
You constrict the gnoll, but do no damage.
The gnoll closely misses you.
The gnoll hits you from afar with a +0 spear.
You hit the gnoll.
The gnoll is lightly wounded.
You constrict the gnoll, but do no damage.
The gnoll barely misses you. x2
You hit the gnoll.
The gnoll is lightly wounded.
You constrict the gnoll. The gnoll hits you with a +0 spear!
* * * LOW HITPOINT WARNING * * *
The gnoll hits you from afar with a +0 spear.
You die...

#.......#.........
#.......#.#.......
#.......#.#.#....#
#.......#.#.######
#.......#.#.# #
#.......#.#.# #
#.#######.#.# #
#.# #.#.# # #@#
#.#.# # #g# #.# #
#g# #.# # #g# #.#
# #g# #.# # #.#
#.# # #.# #.######
#.# #....>..
########


You could see 4 gnolls.

Vanquished Creatures
  An endoplasm (D:1)
  A giant cockroach (D:2)
  A goblin (D:1)
  A hobgoblin (D:1)
  A quokka (D:1)
  2 frilled lizards (D:1)
7 creatures vanquished.

Notes
Turn   | Place    | Note
-------+----------+-------------------------------------------
     0 | D:1      | zeram the Octopode Brigand began the quest for the Orb.
     0 | D:1      | Reached XP level 1. HP: 14/14 MP: 1/1
   142 | D:1      | Found a faded altar of an unknown god.
   152 | D:1      | Reached XP level 2. HP: 19/19 MP: 2/2
   155 | D:1      | You fall into a shaft and drop 1 floor!
   166 | D:2      | Reached skill level 6 in Stealth
   240 | D:2      | Slain by a gnoll

Illustrated notes

Levels and vault maps discovered:
D:1:      zaba_arrival_water, layout_basic, ebering_ecumenical_altar_rust
D:2:      layout_basic, chequers_serial_rivers_room_a, minivault_11,
          st_stairs_14, minmay_rat_hole, uniq_terence

Skill      XL: |  1  2 |
---------------+-------+-----
Stealth        | 6 |  6.0
Fighting       | |  2.0
Short Blades   | |  2.0
Throwing       | |  2.0
Dodging        | |  1.0

Action                   || total
-------------------------++-------
Melee: Dagger            ||    15
       Constrict         ||     2
 Stab: Sleeping          ||     3
Armor: Skin              ||     1
Dodge: Dodged            ||    11
